 Dungeon Crawl Stone Soup version 0.15.0-8-gb109cf8 (webtiles) character file.

170 RobertPalmer the Twirler (level 5, -11/26 HPs)
             Began as a Vine Stalker Gladiator on Aug 29, 2014.
             Killed from afar by Grinder the hellion (32 damage)
             ... with a burst of hellfire
             ... on Level 3 of the Dungeon.
             The game lasted 00:08:28 (2334 turns).

RobertPalmer the Twirler (Vine Stalker Gladiator)   Turns: 2334, Time: 00:08:28

HP -11/26        AC  9     Str 18      XL: 5   Next: 51%
MP   0/7         EV 13     Int  8      God:
Gold 111         SH  0     Dex 16      Spells:  0 memorised,  4 levels left

rFire  . . .     SeeInvis .     B - +4 quarterstaff (chaos)
rCold  + . .     Clarity  .     q - +0 leather armour {rC+}
rNeg   . . .     rCorr    .     (no shield)
rPois  .         rRot     +     c - +1 helmet
rElec  .         Spirit   +     p - +2 cloak
SustAb .         Warding  .     l - +0 pair of gloves
rMut   .         Stasis   .     (no boots)
Gourm  .                        (no amulet)
MR     .....                    (no ring)
                                j - +1 ring of strength

@: not resistant to hostile enchantments, very unstealthy
A: fangs 2, regeneration 1, magic shield, antimagic bite, no device heal 3, rot
immunity
a: no special abilities


You were on level 3 of the Dungeon.
You were hungry.

You visited 1 branch of the dungeon, and saw 3 of its levels.

You collected 111 gold pieces.


Innate Abilities, Weirdness & Mutations

You have extremely sharp teeth.
Your natural rate of healing is unusually fast.
When hurt, damage is shared between your health and your magic reserves.
Your bite disrupts and absorbs the magic of your enemies.
Potions and wands cannot restore your health.
You are immune to rotting.


   Skills:
 - Level 1.7 Fighting
 + Level 4.4 Staves
 - Level 1.7 Throwing
 - Level 3.7 Dodging


You had 4 spell levels left.
You didn't know any spells.

Inventory:

Hand weapons
 a - a +0 quarterstaff
 B - a +4 quarterstaff of chaos (weapon)
Missiles
 y - 12 poisoned needles
Armour
 c - a +1 helmet (worn)
 d - a +0 cloak
 l - a +0 pair of gloves (worn)
 p - a +2 cloak (worn)
 q - a +0 leather armour of cold resistance (worn)
Magical devices
 s - a wand of frost (11)
 E - a wand of digging (10)
Comestibles
 f - 2 bread rations
 i - 2 meat rations
 k - 3 fruits
 z - a slice of pizza
 D - 2 rotting chunks of jackal flesh {@*1}
 H - a rotting chunk of jackal flesh {@*1}
Scrolls
 n - a scroll of fog
 v - a scroll of enchant armour
Jewellery
 e - an uncursed amulet of stasis {unknown}
 g - an uncursed ring of wizardry {unknown}
 j - a +1 ring of strength (left hand)
 t - a cursed -3 ring of strength
 F - a +6 ring of strength
Potions
 h - 3 potions of curing {unknown}
 m - a potion of heal wounds {unknown}
 o - a potion of degeneration {unknown}
 r - a potion of haste {unknown}
 u - a potion of invisibility
 w - a potion of lignification {unknown}
 x - a potion of agility {unknown}
Magical staves
 G - a cursed staff of conjuration {unknown}

Dungeon Overview and Level Annotations

Branches:
Dungeon (3/15)

Altars:
Ashenzari
Fedhas
Kikubaaqudgha

Annotations:
D:3 Grinder

##..).##......##....#..#
#######..##......##.##...##
#.[..##..<#..>...##.##..###
#....##....5##....#.##..###
#....##...#.##.##.........#
#.................>........
#....##...###.............#
#.............(...........#
#....##.##@###.##..........
#######.##..##.##..<.....#.
#.###.2....#..[###.#. #.#
####.#.##...##... #%#
#.#....#.####.
######.######.####....###.
#..........##.# #........
#..........##.# #.#######
#..........##.# #.#


You could see Grinder the hellion.


Message History

Some of the chunks of flesh in your inventory have rotted away.
Grinder shouts!
Unknown command.
Throwing (i - inventory):
C - a throwing net (quivered)
Aim: Grinder You throw a throwing net.
The throwing net hits Grinder.
Grinder is caught in the net!
Grinder gestures.
Grinder blinks!
You start waiting.
Grinder gestures at you. Pain shoots through your body!
You are feeling hungry.
Grinder hits you but does no damage.
You hit Grinder.
Grinder's magic leaks into the air.
Grinder is lightly wounded.
Grinder hits you but does no damage.
You closely miss Grinder.
Grinder is lightly wounded.
Grinder hits you but does no damage.
You hit Grinder.
Grinder evaporates and reforms as a hellion!
Grinder is lightly wounded.
Grinder completely misses you.
Read which item? (? for menu, Esc to quit)
Okay, then.
Grinder gestures at you.
The hellfire explodes!
The burst of hellfire engulfs you!
Ouch! That really hurt!
You die...

Action                   |  1- 3 |  4- 6 || total
-------------------------+-------+-------++-------
Melee: Quarterstaff      |    89 |    39 ||   128
Throw: Throwing net      |     2 |     7 ||     9
Evoke: Wand              |     2 |     1 ||     3
  Use: Scroll            |     7 |     2 ||     9
 Stab: Held in net/web   |       |     2 ||     2
  Eat: Chunk             |     3 |     1 ||     4

Vault maps used:
D:1:      roderic_crop_circles_arrival_small
D:2:      grunt_temple_overflow_growth_and_decay, ashenzari_conservatory_becter,
          first_bread, uniq_crazy_yiuf_cottage
D:3:      uniq_grinder, uniq_jessica, uniq_terence

Notes
Turn   | Place    | Note
--------------------------------------------------------------
     0 | D:1      | RobertPalmer, the Vine Stalker Gladiator, began the quest for the Orb.
     0 | D:1      | Reached XP level 1. HP: 11/11 MP: 1/1
   198 | D:1      | Reached skill level 3 in Staves
   426 | D:1      | Reached XP level 2. HP: 9/15 MP: 3/3
  1269 | D:2      | Reached XP level 3. HP: 18/18 MP: 4/4
  1305 | D:2      | Found a shattered altar of Ashenzari.
  1444 | D:2      | Found a blossoming altar of Fedhas.
  1448 | D:2      | Found an ancient bone altar of Kikubaaqudgha.
  1733 | D:3      | Reached skill level 4 in Staves
  1733 | D:3      | Reached skill level 3 in Dodging
  1733 | D:3      | Reached XP level 4. HP: 23/23 MP: 5/5
  1783 | D:2      | Noticed Crazy Yiuf
  1793 | D:2      | Killed Crazy Yiuf
  1892 | D:3      | Noticed Terence
  1908 | D:3      | Killed Terence
  1908 | D:3      | Reached XP level 5. HP: 21/26 MP: 5/7
  1983 | D:3      | Noticed Jessica
  1996 | D:3      | Killed Jessica
  2058 | D:3      | Noticed Grinder
  2331 | D:3      | Noticed Grinder
  2331 | D:3      | Grinder changed into Grinder the hellion
  2334 | D:3      | Killed from afar by Grinder the hellion

Vanquished Creatures
  Crazy Yiuf (D:2)
  An orc priest (D:3)
  Jessica (D:3)
  Terence (D:3)
  4 adders
  An ooze (D:2)
  2 orcs (D:3)
  4 giant cockroaches
  11 goblins
  9 hobgoblins
  2 jackals (D:3)
  2 quokkas
  2 bats
  3 kobolds
  A rat (D:2)
45 creatures vanquished.
